 Dungeon Crawl Stone Soup version 0.31.0-12-g77e489cdc1 (webtiles) character file.

Game seed: 4064585220760579526

1474 PaiMei the Purveyor of Pain (level 8, -4/62 HPs)
             Began as a Demonspawn Necromancer on Feb 26, 2024.
             Was an Initiate of Kikubaaqudgha.
             Slain by a shadow (24 damage)
             ... on level 7 of the Dungeon.
             The game lasted 00:09:13 (7275 turns).

PaiMei the Purveyor of Pain (DsNe)                  Turns: 7275, Time: 00:09:13

Health: -4/62      AC: 13    Str: 10    XL:     8   Next: 49%
Magic:  12/15      EV: 18    Int: 17    God:    Kikubaaqudgha [......]
Gold:   216        SH:  0    Dex: 13    Spells: 9/17 levels left

rFire   x x .        z - +2 whip (elec)
rCold   x x .        (no shield)
rNeg    . . .        i - +1 robe of Waawarir {rElec Will+ Stlth-}
rPois   +            (helmet restricted)
rElec   +            (no cloak)
rCorr   .            (no gloves)
SInv    .            d - +0 pair of boots
Will    +....        a - amulet of Elemental Vulnerability {rPois rF-- rC-- AC+8}
Stlth   +            p - ring of poison resistance
HPRegen 0.30/turn    x - +4 ring of slaying
MPRegen 0.14/turn

%: no passive effects
@: agile
A: antennae 1, rugged brown scales 1, ignite blood 1, powered by pain 1
a: Renounce Religion


You were on level 7 of the Dungeon.
You worshipped Kikubaaqudgha.
Kikubaaqudgha was noncommittal.
You visited 1 branch of the dungeon, and saw 7 of its levels.

You collected 342 gold pieces.
You spent 126 gold pieces at shops.

Inventory:

Hand Weapons
 c - a +0 vampiric short sword
 z - a +2 whip of electrocution (weapon)
 A - the +0 sling of Memm {freeze, Dex+4}
   (You found it on level 7 of the Dungeon)

   Dex+4:     It affects your dexterity (+4).
Missiles
 l - 8 poisoned darts (quivered)
Armour
 d - a +0 pair of boots (worn)
 i - the +1 robe of Waawarir (worn) {rElec Will+ Stlth-}
   (You found it on level 2 of the Dungeon)

   rElec:     It insulates you from electricity.
   Will+:     It increases your willpower.
   Stlth-:    It makes you less stealthy.
Jewellery
 a - the amulet of Elemental Vulnerability (around neck) {rPois rF-- rC-- AC+8}
   (You took it off a goblin on level 5 of the Dungeon)

   [amulet of nothing]

   AC+8:      It affects your AC (+8).
   rF--:      It makes you very vulnerable to fire.
   rC--:      It makes you very vulnerable to cold.
   rPois:     It protects you from poison
 p - a ring of poison resistance (left hand)
 x - a +4 ring of slaying (right hand)
 C - a ring of protection from cold
Wands
 y - a wand of roots (5)
Scrolls
 e - a scroll of amnesia {unknown}
 f - a scroll of summoning {unknown}
 g - 3 scrolls of blinking
 h - 2 scrolls of revelation {unknown}
 j - 4 scrolls of teleportation
 n - 2 scrolls of enchant armour {unknown}
 q - 4 scrolls of identify {unknown}
 s - a scroll of silence {unknown}
 t - a scroll of noise {unknown}
 u - 2 scrolls of fog {unknown}
 v - a scroll of brand weapon {unknown}
 w - a scroll of vulnerability {unknown}
Potions
 b - a potion of magic
 k - a potion of lignification {unknown}
 m - a potion of cancellation {unknown}
 o - a potion of might {unknown}
 r - 2 potions of enlightenment {unknown}
 B - a potion of curing


   Skills:
 + Level 4.3 Fighting
 + Level 5.0 Dodging
 - Level 3.0 Stealth
 + Level 5.2 Spellcasting
 + Level 7.3 Necromancy


You had 9 spell levels left.
You knew the following spells:

 Your Spells              Type           Power      Damage    Failure   Level
a - Necrotise             Necr           100%       1d9       1%          1
b - Vampiric Draining     Necr           29%        2d8       1%          3
c - Animate Dead          Necr           29%        N/A       7%          4

Your spell library contained the following spells:

 Spells                   Type           Power      Damage    Failure   Level
 Sublimation of Blood     Necr           29%        N/A       1%          2
 Curse of Agony           Necr           29%        N/A       19%         5
 Blink                    Tloc           8%         N/A       22%         2
 Call Imp                 Summ           8%         N/A       22%         2
 Lesser Beckoning         Tloc           8%         N/A       22%         2
 Momentum Strike          Conj/Tloc      8%         3d8       22%         2
 Summon Hydra             Summ           2%         N/A       100%        7


Dungeon Overview and Level Annotations

Branches:
Dungeon (7/15)             Temple (0/1) D:4

Altars:
Dithmenos
Kikubaaqudgha
Makhleb
Okawaru
Trog

Shops:
D:6 ?

Annotations:
D:4 1 runed translucent door, TheBioAlchemist's ghost, amateur FoFi


Innate Abilities, Weirdness & Mutations

You have a pair of small antennae on your head.
You are partially covered in rugged brown scales. (AC +1, +3% HP)
Your demonic aura sometimes causes spilled blood to erupt in flames.
You sometimes gain a little power by taking damage.


Message History

You closely miss the shadow.
The shadow is severely damaged.
The jelly misses you.
The shadow slips into darkness.
The shadow flickers and vanishes!
Deactivating autopickup; reactivate with Ctrl-A.
The jelly barely misses you.
Casting: Necrotise (safe; 1% risk of failure)
Confirm with . or Enter, or press ? or * to list all spells.
Aiming: Necrotise (safe; 1% risk of failure)
Press: ? - help, Shift-Dir - straight line, f/p - jelly
Aim: a jelly (lightly wounded, chance to affect: 88%)
The jelly writhes in agony.
The shadow strikes at you from the darkness!
You focus on the pain.
You feel agile all of a sudden.
Reactivating autopickup.
The jelly closely misses you.
Casting: Necrotise (safe; 1% risk of failure)
Confirm with . or Enter, or press ? or * to list all spells.
Aiming: Necrotise (safe; 1% risk of failure)
Press: ? - help, Shift-Dir - straight line, f/p - jelly
Aim: a jelly (heavily wounded, chance to affect: 88%)
The jelly writhes in agony.
The shadow slips into darkness.
The shadow flickers and vanishes!
Deactivating autopickup; reactivate with Ctrl-A.
The jelly hits you.
You are splashed with acid!
You focus on the pain.
You feel more agile all of a sudden.
Casting: Necrotise (safe; 1% risk of failure)
Confirm with . or Enter, or press ? or * to list all spells.
Aiming: Necrotise (safe; 1% risk of failure)
Press: ? - help, Shift-Dir - straight line, f/p - jelly
Aim: a jelly (severely wounded, chance to affect: 88%)
The jelly writhes in agony.
You kill the jelly!
Kikubaaqudgha accepts your kill.
The shadow strikes at you from the darkness!
You die...
Kikubaaqudgha rasps: "You have failed me!
Welcome... death!"

#...# +...#
#...# #...#
##...#
#....#
#[...#
########{..#
#.....##@.##
#.....##.)##
#.....>....#
#...)......#
#....>....[#
#.....##..##
#<....#####
#......#
#......#


There were no monsters in sight!

Vanquished Creatures
  A wyvern (D:6)
  An ice beast (D:6)
  A black bear (D:3)
  3 ogres (D:6)
  A centaur (D:6)
  A bullfrog (D:6)
  3 scorpions
  A jelly (D:7)
  5 hounds
  4 iguanas
  2 orc wizards (D:5)
  6 gnolls (D:6)
  6 adders
  A shadow imp (D:7)
  2 ribbon worms
  4 dart slugs
  4 orcs (D:5)
  6 ball pythons
  5 endoplasms
  7 giant cockroaches
  11 hobgoblins
  2 jackals (D:1)
  2 quokkas
  2 bats
  2 frilled lizards
  13 goblins
  14 kobolds
  3 rats
113 creatures vanquished.

Vanquished Creatures (collateral kills)
  A scorpion (D:4)
  An adder (D:4)
  A ribbon worm (D:2)
  A goblin (D:1)
  A kobold (D:2)
  A quokka (D:1)
  A rat (D:1)
7 creatures vanquished.

Grand Total: 120 creatures vanquished

Notes
Turn   | Place    | Note
-------+----------+-------------------------------------------
     0 | D:1      | PaiMei the Demonspawn Necromancer began the quest for the
                  | Orb.
     0 | D:1      | Reached XP level 1. HP: 13/13 MP: 3/3
   112 | D:1      | Gained mutation: You are partially covered in rugged brown
                  | scales. (AC +1, +3% HP) [demonic ancestry]
   112 | D:1      | Reached XP level 2. HP: 2/19 MP: 0/5
  1080 | D:2      | Gained mutation: Your demonic aura sometimes causes spilled
                  | blood to erupt in flames. [demonic ancestry]
  1080 | D:2      | Reached XP level 3. HP: 24/24 MP: 2/6
  1141 | D:2      | Identified the +1 robe of Waawarir {rElec Will+ Stlth-}
  1871 | D:2      | Reached XP level 4. HP: 27/30 MP: 1/7
  2466 | D:3      | Found an iron altar of Okawaru.
  2618 | D:3      | Reached skill level 5 in Necromancy
  3049 | D:4      | Noticed a scorpion
  3055 | D:4      | Killed a scorpion
  3056 | D:4      | Gained mutation: You sometimes gain a little power by
                  | taking damage. [demonic ancestry]
  3056 | D:4      | Reached XP level 5. HP: 33/36 MP: 3/9
  3060 | D:4      | Learned a level 3 spell: Vampiric Draining
  3120 | D:4      | Learned a level 4 spell: Animate Dead
  3206 | D:4      | Noticed a phantom
  3208 | D:4      | Reached skill level 1 in Fighting
  3209 | D:4      | Found a staircase to the Ecumenical Temple.
  3242 | D:4      | Found a runed translucent door.
  3242 | D:4      | Noticed TheBioAlchemist's ghost (amateur FoFi)
  3578 | D:4      | Noticed a black bear
  3588 | D:3      | Killed a black bear
  3589 | D:3      | Reached XP level 6. HP: 20/44 MP: 2/11
  4145 | D:5      | Entered Level 5 of the Dungeon
  4324 | D:5      | Reached skill level 6 in Necromancy
  4324 | D:5      | Reached XP level 7. HP: 38/52 MP: 6/12
  4716 | D:5      | Found a burning altar of Makhleb.
  4718 | D:5      | Noticed a cacodemon
  4718 | D:5      | Noticed an angel
  6003 | D:6      | Found Zulim's Magic Scroll Shop.
  6009 | D:6      | Bought a scroll of teleportation for 36 gold pieces
  6009 | D:6      | Bought a scroll of blinking for 90 gold pieces
  6101 | D:6      | Gained mutation: You have a pair of small antennae on your
                  | head. [demonic ancestry]
  6101 | D:6      | Reached XP level 8. HP: 59/59 MP: 3/14
  6342 | D:6      | Reached skill level 7 in Necromancy
  6512 | D:6      | Found a shadowy altar of Dithmenos.
  6518 | D:6      | Found an ancient bone altar of Kikubaaqudgha.
  6523 | D:6      | Found a bloodstained altar of Trog.
  6528 | D:6      | Became a worshipper of Kikubaaqudgha
  6875 | D:6      | Reached skill level 5 in Spellcasting
  7141 | D:6      | Reached skill level 5 in Dodging
  7201 | D:7      | Identified the +0 sling of Memm {freeze, Dex+4}
  7275 | D:7      | Slain by a shadow

Illustrated notes

Levels and vault maps discovered:
D:1:      minmay_arrival_glassed_features, layout_rooms
D:2:      layout_rooms
D:3:      layout_loops_ring, okawaru_gym_becter, kennysheep_potato
D:4:      layout_gridville, minmay_temple_entry_drinking_statues,
          ebering_ghost_inner_flame
D:5:      layout_basic, grunt_temple_overflow_order_and_chaos_2
D:6:      layout_rooms, minmay_overflow_temple_star_quad, lemuel_tele_altar,
          serial_shops, shop, serial_co_window_serial, co_window_corner_a,
          co_window_paths_b, co_window_paths_a, co_window_corner_a,
          co_window_paths_b, co_window_of_opportunity_c, co_window_broadway_a,
          co_window_unsneaky_path_e, co_window_broadway_b, co_window_broadway_c,
          co_window_broadway_a, minmay_ogre_servants
D:7:      layout_gridville

Skill      XL: |  1  2  3  4  5  6  7  8 |
---------------+-------------------------+-----
Stealth        | 2 3 |  3.0
Dodging        | 2 3 4 5 |  5.0
Necromancy     | 5 6 7 |  7.3
Spellcasting   | 3 4 5 |  5.2
Fighting       | 1 2 3 4 |  4.3

Action                     |  1- 3 |  4- 6 |  7- 9 || total
---------------------------+-------+-------+-------++-------
  Melee: Unarmed           |    17 |       |       ||    17
         Short sword       |    31 |    79 |    34 ||   144
         Punch             |     1 |       |       ||     1
         Whip              |       |       |     6 ||     6
   Cast: Necrotise         |    99 |    94 |    79 ||   272
         Vampiric Draining |       |       |    14 ||    14
    Use: Potion            |       |     1 |       ||     1
   Stab: Distracted        |       |     1 |       ||     1
 Armour: Robe              |    59 |    87 |    59 ||   205
  Dodge: Dodged            |    73 |    98 |    35 ||   206
